Map: Newkirk Precinct TE (Void)

Players

Railgan

  • Race: Zerg Zerg
  • League: Grandmaster
  • Spawn Location: 5:00

Silky - Winner!

  • Race: Zerg Zerg
  • League: Grandmaster
  • Spawn Location: 7:00

VOD

Have the link to the VOD?

Description

Time

  • Played on: March 22, 2017, 8:09 p.m.
  • Length: 19:55
Show
View Real Time Build Order
Export as new Build Order

Railgan Zerg 

Build Orders: Pool First 

Get SALT Encoding   

  12  0:19  Spawning Pool  
  11  0:23  Drone  
  11  0:28  Drone  
  13  0:32  Drone  
  14  0:41  Overlord  
  14  1:06  Zergling x4  
  14  1:07  Zergling x2  
  17  1:18  Hatchery  
  16  1:21  Zergling x2  
  17  1:28  Zergling x2  
  18  1:38  Queen  
  20  1:43  Drone  
  21  1:50  Overlord  
  21  2:00  Drone  
  22  2:12  Drone  
  22  2:13  Queen  
  25  2:30  Drone  
  25  2:31  Queen  
  25  2:34  Drone  
  29  2:42  Overlord  
  29  2:43  Drone  
  30  2:46  Drone x2  
  32  2:54  Queen  
  35  2:58  Drone  
  35  3:09  Drone x2, Spine Crawler  
  36  3:13  Drone  
  36  3:17  Drone  
  38  3:22  Overlord  
  38  3:23  Drone  
  39  3:29  Extractor x2, Drone  
  38  3:35  Drone x3  
  38  3:39  Overlord  
  41  3:52  Roach Warren  
  41  3:54  Evolution Chamber  
  39  4:03  Drone x2  
  39  4:07  Drone x2  
  39  4:09  Evolution Chamber  
  42  4:15  Drone x2  
  44  4:17  Drone x2  
  44  4:21  Drone x2  
  44  4:22  Drone  
  49  4:26  Extractor  
  49  4:29  Overlord  
  49  4:31  Drone  
  49  4:38  Lair  
  49  4:40  Drone  
  50  4:46  Drone  
  50  4:47  Drone, Overlord  
  52  4:56  Zerg Missile Weapons Level 1  
  52  4:59  Drone x4  
  56  5:08  Overlord  
  56  5:09  Drone  
  56  5:10  Drone  
  58  5:24  Roach x4  
  58  5:25  Overlord  
  58  5:28  Drone  
  67  5:29  Extractor  
  66  5:37  Roach  
  66  5:38  Roach  
  66  5:39  Glial Reconstitution  
  66  5:40  Overlord  
  66  5:42  Roach x3  
  76  5:46  Roach  
  78  6:01  Roach  
  78  6:02  Roach  
  82  6:05  Overlord  
  82  6:07  Roach  
  82  6:10  Hatchery  
  83  6:14  Roach  
  83  6:15  Roach x2  
  89  6:20  Overlord  
  89  6:24  Roach  
  89  6:25  Roach x2  
  95  6:28  Roach  
  97  6:34  Roach  
  97  6:35  Overlord  
  97  6:39  Overlord  
  96  7:00  Roach x8  
  100  7:08  Roach  
  100  7:09  Roach x3  
  100  7:13  Roach  
  100  7:14  Ravager x4  
  112  7:28  Roach x3  
  112  7:29  Roach  
  120  7:30  Zerg Missile Weapons Level 2  
  120  7:31  Overlord  
  120  7:37  Overlord  
  120  7:45  Roach x4  
  130  7:58  Roach  
  130  7:59  Roach x4  
  136  8:13  Roach  
  136  8:14  Roach x5  
  136  8:16  Roach  
  130  8:23  Roach  
  130  8:26  Roach  
  101  8:39  Roach x7  
  108  8:47  Roach  
  106  8:53  Drone x2  
  106  8:54  Ravager  
  106  8:55  Ravager  
  106  9:00  Roach  
  106  9:01  Roach x4  
  116  9:06  Drone  
  116  9:07  Drone  
  116  9:08  Drone x2  
  120  9:12  Roach  
  120  9:13  Ravager  
  120  9:15  Ravager, Drone  
  120  9:16  Drone  
  126  9:23  Roach x3  
  132  9:29  Roach  
  132  9:30  Roach x2  
  138  9:36  Drone x3  
  141  9:40  Roach  
  141  9:41  Drone x2  
  141  9:42  Extractor  
  141  9:43  Drone  
  141  9:44  Extractor  
  144  9:47  Overlord  
  144  9:48  Roach  
  146  9:57  Overlord  
  146  9:58  Overlord  
  146  10:01  Overlord  
  146  10:05  Overlord  
  146  10:06  Overlord  
  150  10:07  Roach x2  
  150  10:08  Ravager  
  150  10:09  Ravager x2  
  150  10:12  Drone  
  154  10:14  Overlord  
  154  10:19  Roach  
  154  10:20  Roach x2  
  160  10:25  Drone  
  160  10:27  Roach  
  160  10:28  Roach x3  
  167  10:37  Roach x4  
  167  10:42  Roach x3  
  173  10:44  Ravager  
  173  10:45  Ravager  
  173  10:46  Ravager  
  176  10:52  Roach x4  
  184  10:58  Roach  
  184  11:10  Roach  
  184  11:11  Roach x4  
  170  11:14  Roach x5  
  174  11:25  Hatchery  
  173  11:31  Ravager  
  173  11:32  Ravager  
  175  11:33  Ravager  
  175  11:34  Roach x4  
  184  11:44  Roach x5  
  184  11:46  Overseer  
  194  11:48  Roach  
  194  11:51  Roach  
  196  12:02  Roach x2  
  160  12:24  Roach  
  160  12:25  Roach x10  
  160  12:29  Roach x4  
  186  12:33  Ravager  
  186  12:34  Ravager  
  186  12:35  Ravager  
  186  12:36  Ravager  
  190  12:37  Roach x2  
  192  12:45  Roach x3  
  194  12:57  Roach  
  194  12:58  Roach x4  
  164  13:10  Roach x2  
  164  13:11  Roach x3  
  159  13:23  Hydralisk Den  
  159  13:25  Roach  
  159  13:26  Roach x4  
  168  13:31  Roach x2  
  172  13:36  Roach x2  
  176  13:57  Lurker Den  
  176  13:58  Hydralisk  
  176  13:59  Hydralisk x2  
  180  14:20  Roach  
  180  14:21  Roach x8  
  183  14:31  Roach x3  
  183  14:36  Roach  
  183  14:37  Roach  
  177  14:38  Hydralisk  
  177  14:44  Roach  
  177  14:45  Roach x7  
  192  15:03  Hydralisk  
  194  15:25  Extractor x2  
  194  15:26  Lurker x2  
  194  15:28  Overlord  
  194  15:30  Overlord  
  194  15:31  Pneumatized Carapace  
  194  15:44  Zerg Ground Armor Level 1  
  194  15:54  Hatchery  
  192  16:07  Hydralisk  
  192  16:08  Hydralisk x3  
  198  16:19  Spine Crawler  
  197  16:26  Drone x3  
  198  17:06  Roach x8  
  166  17:16  Hydralisk x2  
  166  17:18  Lurker x3  
  166  17:19  Lurker x2  
  175  17:23  Muscular Augments  
  175  17:28  Hydralisk  
  177  17:46  Hydralisk x2, Drone  
  177  17:47  Hydralisk  
  177  17:48  Spore Crawler  
  177  17:50  Spore Crawler  
  182  18:04  Hatchery  
  175  18:13  Hydralisk  
  175  18:14  Hydralisk x3  
  175  18:18  Hydralisk  
  161  18:20  Roach  
  161  18:26  Roach x5  
  161  18:27  Roach  
  130  18:39  Roach x3  
  125  18:47  Lurker x4  
  125  18:48  Lurker x5  
  114  19:25  Roach x6  
  117  19:31  Roach x3  
Show
View Real Time Build Order
Export as new Build Order

Silky Zerg - Winner!

Build Orders: Hatch First 

Get SALT Encoding   

  12  0:01  Drone  
  13  0:13  Overlord  
  13  0:17  Drone  
  14  0:32  Drone x2  
  16  0:36  Drone  
  17  0:54  Hatchery  
  17  0:56  Drone  
  17  0:59  Drone  
  18  1:10  Extractor  
  17  1:13  Spawning Pool  
  17  1:16  Drone  
  17  1:20  Drone  
  18  1:29  Drone  
  19  1:39  Overlord  
  19  2:00  Baneling Nest, Queen  
  19  2:01  Zergling x4  
  21  2:06  Zergling x2  
  25  2:13  Zergling x2  
  26  2:17  Zergling x2  
  25  2:26  Zergling x2  
  25  2:28  Zergling x2  
  27  2:34  Zergling x2  
  27  2:35  Metabolic Boost  
  26  2:39  Queen  
  29  2:45  Overlord  
  29  2:55  Hatchery  
  29  2:58  Drone  
  29  3:03  Drone  
  30  3:06  Drone  
  30  3:09  Drone  
  32  3:14  Drone  
  32  3:19  Zergling x4  
  35  3:28  Overlord  
  35  3:37  Evolution Chamber  
  35  3:39  Drone  
  35  3:46  Drone  
  35  3:48  Drone x2  
  38  3:50  Drone  
  39  4:01  Drone  
  40  4:04  Zerg Missile Weapons Level 1  
  40  4:09  Drone  
  43  4:12  Drone  
  44  4:18  Drone  
  44  4:23  Lair  
  44  4:25  Drone  
  44  4:28  Drone  
  44  4:33  Drone  
  44  4:41  Drone  
  44  4:42  Drone  
  44  4:43  Drone  
  44  4:44  Drone  
  48  4:49  Drone  
  48  4:50  Hatchery  
  48  4:52  Roach Warren  
  47  4:53  Drone  
  47  4:56  Drone  
  49  5:01  Drone x3  
  49  5:04  Extractor  
  49  5:05  Extractor, Overlord  
  49  5:26  Overseer  
  49  5:30  Drone  
  49  5:32  Roach  
  49  5:33  Roach x4, Glial Reconstitution  
  49  5:34  Overlord x2  
  57  5:53  Roach  
  57  5:54  Roach x7  
  71  6:00  Drone  
  71  6:02  Queen  
  74  6:06  Zerg Missile Weapons Level 2  
  74  6:09  Overlord  
  74  6:11  Overlord  
  74  6:17  Roach x2  
  78  6:19  Roach  
  78  6:23  Roach  
  82  6:26  Overlord  
  82  6:28  Roach  
  82  6:31  Roach  
  86  6:33  Roach  
  86  6:36  Roach  
  86  6:39  Roach  
  92  6:43  Roach x2  
  92  6:54  Roach x2  
  92  6:55  Roach x2  
  92  7:00  Drone  
  92  7:01  Drone x3  
  98  7:02  Drone  
  98  7:06  Ravager  
  98  7:07  Drone x3  
  103  7:13  Overlord  
  103  7:14  Drone  
  104  7:18  Overlord  
  104  7:23  Overlord  
  104  7:24  Drone x2  
  104  7:25  Overlord  
  106  7:30  Extractor  
  106  7:32  Drone x3, Overlord  
  108  7:41  Roach x2  
  108  7:42  Roach x2  
  116  7:46  Roach  
  116  7:47  Roach x2  
  122  7:52  Roach x2  
  122  7:53  Roach  
  122  7:56  Roach  
  130  7:58  Overlord  
  128  8:15  Roach x5  
  128  8:16  Roach x2  
  118  8:24  Roach x6  
  118  8:25  Roach  
  114  8:31  Roach x3  
  114  8:32  Roach  
  111  8:37  Roach x3  
  109  8:47  Roach x3  
  113  8:54  Roach  
  115  8:57  Hatchery  
  115  9:01  Roach  
  116  9:07  Roach  
  116  9:08  Roach  
  118  9:10  Zerg Ground Armor Level 1  
  118  9:15  Roach x2  
  122  9:20  Roach  
  124  9:25  Roach  
  124  9:29  Roach  
  128  9:34  Overlord x3  
  128  9:37  Roach  
  130  9:41  Ravager x2  
  130  9:44  Overlord  
  132  9:50  Overlord  
  132  9:53  Roach  
  132  9:54  Roach x3  
  140  10:03  Roach x2  
  140  10:04  Roach x2  
  148  10:11  Roach  
  150  10:20  Roach x5  
  160  10:23  Ravager, Overlord  
  160  10:25  Overlord  
  155  10:37  Roach x5  
  155  10:41  Roach x3  
  169  10:46  Overlord  
  169  10:47  Drone x2  
  169  10:48  Extractor  
  168  10:57  Roach x5  
  168  10:58  Roach  
  176  11:08  Roach  
  176  11:09  Roach x4  
  170  11:14  Roach  
  172  11:23  Ravager  
  172  11:25  Ravager  
  174  11:29  Ravager  
  174  11:31  Hatchery  
  174  11:37  Ravager  
  174  11:39  Ravager  
  176  11:42  Roach x2  
  176  11:44  Overlord x2  
  180  11:49  Extractor, Roach x4  
  180  11:52  Roach  
  189  11:58  Overlord x2  
  175  12:16  Roach  
  175  12:17  Roach x11  
  161  12:24  Roach x2  
  161  12:29  Ravager  
  167  12:30  Ravager  
  167  12:31  Ravager  
  172  12:37  Roach x4  
  176  12:44  Ravager  
  176  12:45  Overlord  
  175  12:58  Roach x6  
  173  12:59  Roach  
  163  13:11  Roach x2  
  163  13:12  Roach x4  
  167  13:22  Ravager  
  167  13:24  Ravager  
  167  13:26  Ravager  
  170  13:28  Ravager x2  
  170  13:30  Roach x3  
  170  13:31  Roach  
  170  13:33  Overlord  
  180  13:34  Overlord  
  180  13:37  Roach x3  
  186  13:45  Roach  
  186  13:46  Roach x2  
  190  13:51  Overlord  
  190  13:52  Overseer  
  190  13:55  Ravager  
  191  13:56  Roach x3  
  191  14:01  Roach  
  199  14:10  Infestation Pit  
  199  14:13  Roach  
  196  14:30  Roach x6  
  194  14:49  Infestor x3  
  194  15:01  Queen  
  194  15:02  Queen  
  194  15:05  Drone x2  
  194  15:06  Extractor  
  199  15:12  Ravager x4  
  199  15:16  Overlord  
  199  15:21  Ravager  
  200  15:30  Burrow  
  200  15:47  Hydralisk Den  
  200  15:49  Zerg Ground Armor Level 2  
  199  15:53  Hatchery  
  198  16:08  Ravager  
  198  16:09  Ravager x2  
  198  16:11  Roach x2  
  199  16:20  Hive  
  199  16:23  Extractor  
  198  16:37  Roach x2  
  198  17:06  Infestor x2  
  198  17:07  Infestor  
  167  17:21  Roach x21  
  167  17:23  Tunneling Claws  
  167  17:27  Roach  
  167  17:28  Roach x7  
  167  17:29  Roach  
  185  17:30  Roach x4  
  185  17:35  Viper  
  196  17:43  Overseer  
  196  17:44  Overseer  
  196  17:53  Ravager x3  
  199  18:05  Queen  
  196  18:09  Hatchery  
  168  18:16  Roach  
  168  18:17  Roach x9  
  151  18:33  Drone x15  
  140  18:36  Roach  
  140  18:37  Roach  
  134  18:52  Drone x3  
  134  18:54  Extractor, Drone x14  
  150  19:05  Roach x2  
  150  19:08  Roach  
  150  19:09  Roach  
  141  19:36  Roach x7  
Tags
 
Add a new tag
Caveats
  • Supply blocks, unpowered buildings, or Contaminate may cause inaccurate times.
  • Supply counts are checked every 10 seconds.